3139 views
Uploaded 2020-03-25 21:34:11
Game version 1.32.3
18:07 long 4on4 ladder game on (8)TwilightRuins_LV
Saved by ChuckleMan
3139 views
Uploaded 2020-03-25 21:34:11
Game version 1.32.3
18:07 long 4on4 ladder game on (8)TwilightRuins_LV

108 units @ 14.5k
/ 1.8k
149 buildings @ 12.3k
/ 5.2k

| Scroll of Regeneration | 1 | 100 |
| total: | 1 | 100g |
| Peasant | 12 | 900 | / | 0 |
| Footman | 4 | 540 | / | 0 |
| Rifleman | 11 | 2255 | / | 330 |
| Priest | 1 | 135 | / | 10 |
| Sorceress | 2 | 310 | / | 40 |
| Giant Sea Turtle | 1 | 295 | / | 35 |
| Makrura Snapper | 1 | 315 | / | 0 |
| Mur'gul Snarecaster | 1 | 215 | / | 20 |
| total: | 33 | 4965g | / | 435w |
| Scout Tower | 4 | 120 | / | 80 |
| Guard Tower | 4 | 280 | / | 200 |
| Altar of Kings | 1 | 180 | / | 50 |
| Farm | 13 | 1040 | / | 260 |
| Barracks | 2 | 320 | / | 120 |
| Blacksmith | 1 | 140 | / | 60 |
| Lumber Mill | 1 | 120 | / | 0 |
| Arcane Vault | 1 | 130 | / | 30 |
| Town Hall | 1 | 385 | / | 205 |
| Arcane Sanctum | 2 | 300 | / | 280 |
| Keep | 1 | 320 | / | 210 |
| total: | 26 | 2735g | / | 1085w |
| 0:05 | Peasant |
| 0:06 | Peasant |
| 0:11 | Altar of Kings |
| 0:14 | Farm |
| 0:25 | Peasant |
| 0:36 | Peasant |
| 0:55 | Barracks |
| 1:05 | Peasant |
| 1:06 | Peasant |
| 1:23 | Barracks |
| 1:31 | Peasant |
| 1:40 | Farm |
| 2:00 | Blacksmith |
| 2:06 | Peasant |
| 2:15 | Footman |
| 2:25 | Farm |
| 2:35 | Footman |
| 2:43 | Summon Water Elemental |
| 2:52 | Footman |
| 3:08 | Footman |
| 3:13 | Farm |
| 3:44 | Lumber Mill |
| 4:21 | Farm |
| 4:28 | Arcane Vault |
| 4:33 | Rifleman |
| 5:12 | Rifleman |
| 5:30 | Blizzard |
| 5:41 | Farm |
| 5:59 | Rifleman |
| 6:03 | Farm |
| 6:56 | Farm |
| 6:59 | Keep |
| 7:03 | Farm |
| 7:09 | Black Gunpowder |
| 7:13 | Rifleman |
| 7:16 | Scroll of Regeneration |
| 7:21 | Summon Water Elemental |
| 7:41 | Farm |
| 8:32 | Farm |
| 8:41 | Town Hall |
| 8:56 | Studded Leather Armor |
| 9:16 | Scout Tower |
| 9:22 | Scout Tower |
| 9:27 | Long Rifles |
| 9:27 | Rifleman |
| 9:29 | Rifleman |
| 9:29 | Rifleman |
| 10:09 | Blizzard |
| 10:20 | Scout Tower |
| 10:24 | Scout Tower |
| 10:27 | Guard Tower |
| 10:29 | Guard Tower |
| 11:13 | Rifleman |
| 11:19 | Arcane Sanctum |
| 11:24 | Arcane Sanctum |
| 11:25 | Peasant |
| 11:37 | Guard Tower |
| 11:38 | Guard Tower |
| 12:32 | Peasant |
| 12:40 | Rifleman |
| 13:15 | Summon Water Elemental |
| 13:28 | Rifleman |
| 13:29 | Rifleman |
| 13:36 | Peasant |
| 13:36 | Peasant |
| 14:29 | Priest |
| 14:30 | Sorceress |
| 14:35 | Farm |
| 14:40 | Farm |
| 15:05 | Sorceress |
| 16:09 | Giant Sea Turtle |
| 16:09 | Makrura Snapper |
| 16:10 | Mur'gul Snarecaster |
| 16:43 | Refined Gunpowder |
| 18:04 | Mass Teleport |
| Select group | 402 |
| Right click | 289 |
| Select | 192 |
| Misc. action | 69 |
| Build/train/purchase | 59 |
| Assign group | 28 |
| Chat | 5 |
| Use ability | 2 |
| Item give/drop | 2 |
| Minimap ping | 1 |

| Healing Salve | 1 | 100 |
| Lesser Clarity Potion | 1 | 70 |
| total: | 2 | 170g |
| Peon | 11 | 825 | / | 0 |
| Troll Headhunter | 6 | 840 | / | 120 |
| Shaman | 6 | 780 | / | 120 |
| Troll Berserker | 5 | 700 | / | 100 |
| total: | 28 | 3145g | / | 340w |
| Watch Tower | 3 | 330 | / | 240 |
| Orc Burrow | 7 | 1120 | / | 280 |
| Altar of Storms | 1 | 180 | / | 50 |
| War Mill | 1 | 205 | / | 0 |
| Barracks | 3 | 540 | / | 150 |
| Voodoo Lounge | 1 | 130 | / | 30 |
| Great Hall | 1 | 385 | / | 185 |
| Spirit Lodge | 2 | 300 | / | 300 |
| Stronghold | 1 | 315 | / | 190 |
| Fortress | 1 | 325 | / | 190 |
| total: | 19 | 3190g | / | 1235w |
| 0:05 | Peon |
| 0:05 | Peon |
| 0:05 | Peon |
| 0:05 | Peon |
| 0:05 | Peon |
| 0:29 | Peon |
| 0:37 | Orc Burrow |
| 0:58 | Peon |
| 1:05 | Altar of Storms |
| 1:35 | Orc Burrow |
| 1:40 | Peon |
| 1:41 | Peon |
| 1:56 | Peon |
| 2:02 | War Mill |
| 2:19 | Barracks |
| 2:20 | Barracks |
| 2:22 | Barracks |
| 2:35 | Voodoo Lounge |
| 3:02 | Peon |
| 3:17 | Stronghold |
| 3:30 | Troll Headhunter |
| 3:42 | Orc Burrow |
| 3:55 | Troll Headhunter |
| 4:02 | Feral Spirit |
| 4:41 | Troll Headhunter |
| 5:15 | Orc Burrow |
| 5:40 | Chain Lighting |
| 6:03 | Spirit Lodge |
| 6:04 | Spirit Lodge |
| 6:06 | Troll Regeneration |
| 6:08 | Fortress |
| 6:43 | Troll Headhunter |
| 6:45 | Troll Headhunter |
| 7:20 | Feral Spirit |
| 7:36 | Shaman Adept Training |
| 7:49 | Orc Burrow |
| 7:58 | Troll Headhunter |
| 8:08 | Healing Salve |
| 8:09 | Lesser Clarity Potion |
| 8:37 | Shaman Master Training |
| 8:38 | Berserker Upgrade |
| 8:41 | Shaman |
| 9:27 | Chain Lighting |
| 10:54 | Troll Berserker |
| 10:55 | Shaman |
| 10:56 | Shaman |
| 10:58 | Steel Ranged Weapons |
| 10:58 | Steel Armor |
| 11:02 | Orc Burrow |
| 11:04 | Orc Burrow |
| 12:18 | Feral Spirit |
| 12:26 | Great Hall |
| 12:29 | Watch Tower |
| 12:30 | Watch Tower |
| 12:31 | Watch Tower |
| 12:38 | Troll Berserker |
| 14:58 | Earth Quake |
| 15:37 | Troll Berserker |
| 15:39 | Shaman |
| 15:39 | Shaman |
| 15:41 | Troll Berserker |
| 15:43 | Thorium Ranged Weapons |
| 16:37 | Troll Berserker |
| 16:41 | Shaman |
| Right click | 272 |
| Select | 129 |
| Build/train/purchase | 57 |
| Use ability | 7 |
| Item give/drop | 2 |



| Lesser Clarity Potion | 1 | 70 |
| Scroll of Town Portal | 1 | 350 |
| Boots of Speed | 2 | 500 |
| Staff of Teleportation | 2 | 300 |
| Potion of Invisibility | 3 | 300 |
| Healing Salve | 1 | 100 |
| Ancient Janggo of Endurance | 1 | 500 |
| Pendant of Energy | 1 | 300 |
| Potion of Greater Healing | 1 | 400 |
| total: | 13 | 2820g |
| Peasant | 18 | 1350 | / | 0 |
| Sorceress | 1 | 155 | / | 20 |
| Goblin Shredder | 2 | 750 | / | 200 |
| Goblin Zeppelin | 2 | 480 | / | 120 |
| total: | 23 | 2735g | / | 340w |
| Scout Tower | 79 | 2370 | / | 1580 |
| Arcane Tower | 1 | 70 | / | 50 |
| Guard Tower | 16 | 1120 | / | 800 |
| Altar of Kings | 1 | 180 | / | 50 |
| Farm | 4 | 320 | / | 80 |
| Lumber Mill | 3 | 360 | / | 0 |
| Arcane Vault | 1 | 130 | / | 30 |
| Town Hall | 1 | 385 | / | 205 |
| Arcane Sanctum | 1 | 150 | / | 140 |
| Keep | 1 | 320 | / | 210 |
| Castle | 1 | 360 | / | 210 |
| total: | 90 | 3895g | / | 2085w |
| 0:03 | Altar of Kings |
| 0:06 | Peasant |
| 0:07 | Peasant |
| 0:30 | Farm |
| 0:50 | Peasant |
| 0:57 | Peasant |
| 1:01 | Scout Tower |
| 1:11 | Lumber Mill |
| 1:14 | Lumber Mill |
| 1:16 | Peasant |
| 1:25 | Blizzard |
| 1:28 | Peasant |
| 1:31 | Arcane Tower |
| 1:32 | Peasant |
| 1:40 | Farm |
| 1:48 | Peasant |
| 1:48 | Peasant |
| 2:09 | Peasant |
| 2:09 | Peasant |
| 2:10 | Peasant |
| 2:19 | Peasant |
| 2:22 | Scout Tower |
| 2:23 | Scout Tower |
| 2:25 | Scout Tower |
| 2:43 | Scout Tower |
| 2:45 | Scout Tower |
| 2:47 | Scout Tower |
| 2:54 | Guard Tower |
| 2:55 | Peasant |
| 2:55 | Peasant |
| 3:04 | Guard Tower |
| 3:11 | Peasant |
| 3:15 | Guard Tower |
| 3:23 | Arcane Vault |
| 3:25 | Peasant |
| 3:40 | Boots of Speed |
| 3:45 | Peasant |
| 4:08 | Guard Tower |
| 4:12 | Scout Tower |
| 4:16 | Scout Tower |
| 4:17 | Scout Tower |
| 4:17 | Scout Tower |
| 4:52 | Keep |
| 4:55 | Healing Salve |
| 5:01 | Lesser Clarity Potion |
| 5:36 | Staff of Teleportation |
| 5:53 | Brilliance Aura |
| 6:02 | Guard Tower |
| 6:03 | Improved Masonry |
| 7:03 | Blizzard |
| 7:07 | Town Hall |
| 7:08 | Farm |
| 7:21 | Goblin Shredder |
| 8:11 | Goblin Zeppelin |
| 8:25 | Advanced Masonry |
| 8:28 | Lumber Mill |
| 8:47 | Potion of Invisibility |
| 8:47 | Scroll of Town Portal |
| 8:55 | Scout Tower |
| 8:56 | Scout Tower |
| 8:57 | Scout Tower |
| 8:57 | Scout Tower |
| 8:58 | Scout Tower |
| 8:58 | Scout Tower |
| 8:59 | Scout Tower |
| 8:59 | Scout Tower |
| 9:01 | Scout Tower |
| 9:01 | Scout Tower |
| 9:02 | Scout Tower |
| 9:03 | Scout Tower |
| 9:03 | Scout Tower |
| 9:03 | Scout Tower |
| 9:04 | Scout Tower |
| 9:05 | Scout Tower |
| 9:22 | Brilliance Aura |
| 9:48 | Castle |
| 9:49 | Guard Tower |
| 9:53 | Arcane Sanctum |
| 10:10 | Scout Tower |
| 10:10 | Scout Tower |
| 10:11 | Scout Tower |
| 10:11 | Scout Tower |
| 10:29 | Guard Tower |
| 10:53 | Guard Tower |
| 10:58 | Farm |
| 11:01 | Guard Tower |
| 11:27 | Potion of Invisibility |
| 11:42 | Magic Sentry |
| 11:43 | Guard Tower |
| 11:46 | Scout Tower |
| 11:47 | Scout Tower |
| 11:51 | Scout Tower |
| 11:51 | Scout Tower |
| 11:52 | Scout Tower |
| 11:52 | Scout Tower |
| 11:55 | Flame Strike |
| 12:07 | Staff of Teleportation |
| 12:08 | Boots of Speed |
| 12:08 | Potion of Invisibility |
| 12:49 | Goblin Shredder |
| 12:52 | Goblin Zeppelin |
| 12:59 | Rain of Fire |
| 13:02 | Guard Tower |
| 13:04 | Guard Tower |
| 13:06 | Scout Tower |
| 13:07 | Scout Tower |
| 13:08 | Scout Tower |
| 13:08 | Scout Tower |
| 13:09 | Scout Tower |
| 13:09 | Scout Tower |
| 13:10 | Scout Tower |
| 13:10 | Scout Tower |
| 13:11 | Scout Tower |
| 14:02 | Guard Tower |
| 14:04 | Sorceress |
| 14:04 | Sorceress Adept Training |
| 14:44 | Blizzard |
| 14:51 | Guard Tower |
| 14:53 | Scout Tower |
| 14:54 | Scout Tower |
| 14:54 | Scout Tower |
| 14:55 | Scout Tower |
| 14:56 | Scout Tower |
| 14:57 | Scout Tower |
| 15:00 | Scout Tower |
| 15:01 | Scout Tower |
| 15:02 | Scout Tower |
| 15:02 | Scout Tower |
| 15:03 | Scout Tower |
| 15:04 | Scout Tower |
| 15:04 | Scout Tower |
| 15:05 | Scout Tower |
| 15:11 | Imbued Masonry |
| 15:27 | Cleaving Attack |
| 15:29 | Siphon Mana |
| 16:27 | Sorceress Master Training |
| 16:30 | Guard Tower |
| 16:38 | Scout Tower |
| 16:38 | Scout Tower |
| 16:38 | Scout Tower |
| 16:39 | Scout Tower |
| 16:40 | Scout Tower |
| 16:40 | Scout Tower |
| 16:41 | Scout Tower |
| 16:41 | Scout Tower |
| 16:42 | Scout Tower |
| 16:43 | Scout Tower |
| 16:43 | Scout Tower |
| 16:44 | Scout Tower |
| 16:45 | Scout Tower |
| 16:45 | Scout Tower |
| 16:46 | Scout Tower |
| 16:46 | Scout Tower |
| 16:47 | Scout Tower |
| 16:48 | Scout Tower |
| 16:48 | Scout Tower |
| 16:56 | Ancient Janggo of Endurance |
| 16:58 | Pendant of Energy |
| 17:02 | Potion of Greater Healing |
| 17:08 | Guard Tower |
| Right click | 641 |
| Select group | 235 |
| Select | 180 |
| Chat | 143 |
| Build/train/purchase | 101 |
| Use ability | 64 |
| Assign group | 37 |
| Misc. action | 11 |
| Item give/drop | 5 |
| Esc | 4 |
| Minimap ping | 2 |

| Healing Salve | 5 | 500 |
| Lesser Clarity Potion | 4 | 280 |
| Scroll of Speed | 2 | 100 |
| Potion of Mana | 2 | 400 |
| Scroll of Town Portal | 2 | 700 |
| total: | 15 | 1980g |
| Peon | 8 | 600 | / | 0 |
| Raider | 15 | 2700 | / | 600 |
| Goblin Shredder | 1 | 375 | / | 100 |
| total: | 24 | 3675g | / | 700w |
| Altar of Storms | 1 | 180 | / | 50 |
| Orc Burrow | 7 | 1120 | / | 280 |
| War Mill | 2 | 410 | / | 0 |
| Voodoo Lounge | 1 | 130 | / | 30 |
| Great Hall | 1 | 385 | / | 185 |
| Beastiary | 2 | 290 | / | 280 |
| Stronghold | 1 | 315 | / | 190 |
| Fortress | 3 | 975 | / | 570 |
| total: | 14 | 2515g | / | 825w |
| 0:07 | Peon |
| 0:07 | Peon |
| 0:08 | Peon |
| 0:38 | Peon |
| 0:55 | Peon |
| 0:58 | Altar of Storms |
| 1:23 | Orc Burrow |
| 1:27 | Stronghold |
| 2:15 | War Mill |
| 2:22 | Orc Burrow |
| 2:55 | Voodoo Lounge |
| 3:16 | Hex |
| 4:10 | Beastiary |
| 4:14 | Beastiary |
| 4:16 | Peon |
| 4:16 | Peon |
| 4:18 | Peon |
| 5:02 | Goblin Shredder |
| 5:16 | Orc Burrow |
| 5:18 | Steel Melee Weapons |
| 5:25 | Healing Salve |
| 5:25 | Lesser Clarity Potion |
| 5:30 | Scroll of Speed |
| 5:46 | Pillage |
| 5:52 | Raider |
| 6:17 | Raider |
| 6:38 | Fortress |
| 7:07 | Raider |
| 7:10 | Ensnare |
| 8:06 | Great Hall |
| 8:09 | Healing Wave |
| 8:22 | Thorium Melee Weapons |
| 8:24 | War Mill |
| 8:28 | Raider |
| 8:42 | Fortress |
| 9:02 | Healing Salve |
| 9:03 | Lesser Clarity Potion |
| 9:17 | Orc Burrow |
| 9:25 | Healing Salve |
| 9:54 | Healing Wave |
| 10:01 | Orc Burrow |
| 10:04 | Steel Armor |
| 10:06 | Healing Salve |
| 10:12 | Lesser Clarity Potion |
| 10:14 | Lesser Clarity Potion |
| 10:37 | Raider |
| 10:56 | Raider |
| 11:30 | Raider |
| 12:03 | Raider |
| 12:06 | Arcanite Melee Weapons |
| 12:40 | Thorium Armor |
| 12:48 | Orc Burrow |
| 12:49 | Orc Burrow |
| 13:54 | Raider |
| 13:57 | Arcanite Armor |
| 14:42 | Hex |
| 15:50 | Raider |
| 15:51 | Raider |
| 16:36 | Scroll of Town Portal |
| 16:37 | Healing Salve |
| 16:57 | Scroll of Speed |
| 17:05 | Raider |
| 17:28 | Raider |
| 17:44 | Scroll of Town Portal |
| 17:55 | Raider |
| 17:55 | Raider |
| 18:05 | Healing Wave |
| 18:06 | Potion of Mana |
| 18:06 | Potion of Mana |
| Right click | 400 |
| Select | 218 |
| Select group | 76 |
| Build/train/purchase | 71 |
| Use ability | 48 |
| Chat | 42 |
| Assign group | 17 |
| Misc. action | 15 |
| Item give/drop | 4 |
| Esc | 1 |
| Minimap ping | 1 |
125 units @ 14.1k
/ 1.3k
60 buildings @ 9.3k
/ 3.8k
| Peon | 5 | 375 | / | 0 |
| total: | 5 | 375g | / | 0w |
| Altar of Storms | 1 | 180 | / | 50 |
| Orc Burrow | 1 | 160 | / | 40 |
| Barracks | 1 | 180 | / | 50 |
| total: | 3 | 520g | / | 140w |
| 0:03 | Peon |
| 0:08 | Altar of Storms |
| 0:12 | Peon |
| 0:19 | Orc Burrow |
| 0:24 | Peon |
| 0:37 | Barracks |
| 0:44 | Peon |
| 0:59 | Peon |
| Select group | 60 |
| Right click | 54 |
| Select | 19 |
| Build/train/purchase | 6 |
| Assign group | 4 |


| Peon | 19 | 1425 | / | 0 |
| Troll Headhunter | 6 | 840 | / | 120 |
| Grunt | 2 | 400 | / | 0 |
| Troll Witch Doctor | 4 | 580 | / | 100 |
| Shaman | 3 | 390 | / | 60 |
| Troll Berserker | 4 | 560 | / | 80 |
| total: | 38 | 4195g | / | 360w |
| Altar of Storms | 1 | 180 | / | 50 |
| Orc Burrow | 7 | 1120 | / | 280 |
| War Mill | 1 | 205 | / | 0 |
| Barracks | 2 | 360 | / | 100 |
| Voodoo Lounge | 1 | 130 | / | 30 |
| Great Hall | 1 | 385 | / | 185 |
| Spirit Lodge | 2 | 300 | / | 300 |
| Stronghold | 1 | 315 | / | 190 |
| Fortress | 1 | 325 | / | 190 |
| total: | 15 | 2680g | / | 945w |
| 0:03 | Peon |
| 0:03 | Peon |
| 0:12 | Altar of Storms |
| 0:16 | Orc Burrow |
| 0:29 | Peon |
| 0:36 | Peon |
| 0:56 | War Mill |
| 1:02 | Peon |
| 1:06 | Peon |
| 1:27 | Barracks |
| 1:33 | Peon |
| 1:39 | Peon |
| 2:09 | Peon |
| 2:16 | Orc Burrow |
| 2:30 | Peon |
| 2:30 | Peon |
| 2:30 | Peon |
| 2:39 | Troll Headhunter |
| 2:39 | Troll Headhunter |
| 2:43 | Voodoo Lounge |
| 2:54 | Orc Burrow |
| 3:20 | Barracks |
| 3:32 | Troll Headhunter |
| 3:42 | Feral Spirit |
| 4:13 | Troll Headhunter |
| 4:27 | Troll Headhunter |
| 4:45 | Peon |
| 4:48 | Troll Headhunter |
| 5:11 | Stronghold |
| 5:24 | Chain Lighting |
| 5:41 | Steel Ranged Weapons |
| 5:41 | Steel Armor |
| 5:46 | Grunt |
| 5:46 | Grunt |
| 6:50 | Orc Burrow |
| 6:57 | Orc Burrow |
| 7:17 | Chain Lighting |
| 8:16 | Great Hall |
| 8:29 | Spirit Lodge |
| 8:33 | Spirit Lodge |
| 8:48 | Healing Wave |
| 9:11 | Troll Regeneration |
| 9:16 | Fortress |
| 10:00 | Shaman Adept Training |
| 10:00 | Witch Doctor Adept Training |
| 10:03 | Thorium Ranged Weapons |
| 10:04 | Thorium Armor |
| 10:06 | Spiked Barricades |
| 10:52 | Peon |
| 10:52 | Peon |
| 10:52 | Peon |
| 10:52 | Peon |
| 11:06 | Troll Witch Doctor |
| 11:37 | Berserker Upgrade |
| 11:38 | Witch Doctor Master Training |
| 11:38 | Shaman Master Training |
| 11:41 | Peon |
| 11:41 | Peon |
| 11:57 | Hex |
| 11:58 | Feral Spirit |
| 12:41 | Shaman |
| 12:42 | Troll Witch Doctor |
| 12:43 | Shaman |
| 13:00 | Orc Burrow |
| 13:03 | Orc Burrow |
| 13:14 | Troll Witch Doctor |
| 13:48 | Troll Berserker |
| 13:48 | Troll Berserker |
| 14:06 | Troll Berserker |
| 14:09 | Arcanite Ranged Weapons |
| 15:05 | Healing Wave |
| 16:47 | Shaman |
| 16:48 | Troll Witch Doctor |
| 16:50 | Troll Berserker |
| 16:52 | Arcanite Armor |
| 18:06 | Hex |
| Right click | 433 |
| Select group | 262 |
| Select | 188 |
| Build/train/purchase | 75 |
| Assign group | 29 |
| Use ability | 25 |
| Item give/drop | 3 |
| Remove unit | 1 |

| Orb of Venom | 1 | 325 |
| Scroll of Town Portal | 1 | 350 |
| total: | 2 | 675g |
| Wisp | 20 | 1200 | / | 0 |
| Archer | 5 | 650 | / | 50 |
| Huntress | 6 | 1170 | / | 120 |
| Faerie Dragon | 4 | 620 | / | 100 |
| Dryad | 3 | 435 | / | 180 |
| Grunt | 4 | 800 | / | 0 |
| Shaman | 4 | 520 | / | 80 |
| Wind Rider | 1 | 265 | / | 40 |
| total: | 47 | 5660g | / | 570w |
| Altar of Elders | 1 | 180 | / | 50 |
| Moon Well | 6 | 1080 | / | 240 |
| Ancient of War | 1 | 150 | / | 60 |
| Hunter's Hall | 1 | 210 | / | 100 |
| Ancient of Wonders | 1 | 90 | / | 30 |
| Tree of Life | 1 | 340 | / | 185 |
| Ancient of Lore | 1 | 155 | / | 145 |
| Ancient of Wind | 1 | 150 | / | 140 |
| Tree of Ages | 1 | 320 | / | 180 |
| Tree of Eternity | 1 | 330 | / | 200 |
| Watch Tower | 2 | 220 | / | 160 |
| Orc Burrow | 4 | 640 | / | 160 |
| War Mill | 1 | 205 | / | 0 |
| Voodoo Lounge | 1 | 130 | / | 30 |
| Spirit Lodge | 1 | 150 | / | 150 |
| Beastiary | 1 | 145 | / | 140 |
| Stronghold | 1 | 315 | / | 190 |
| total: | 23 | 3845g | / | 1590w |
| 0:08 | Wisp |
| 0:08 | Wisp |
| 0:08 | Wisp |
| 0:09 | Wisp |
| 0:25 | Altar of Elders |
| 0:44 | Moon Well |
| 0:49 | Wisp |
| 0:55 | Ancient of War |
| 1:16 | Wisp |
| 1:16 | Wisp |
| 1:17 | Wisp |
| 1:41 | Wisp |
| 1:45 | Moon Well |
| 2:03 | Archer |
| 2:16 | Orc Burrow |
| 2:25 | War Mill |
| 2:30 | Grunt |
| 2:34 | Healing Wave |
| 2:39 | Archer |
| 2:43 | Moon Well |
| 2:53 | Hunter's Hall |
| 2:56 | Archer |
| 2:58 | Wisp |
| 2:58 | Wisp |
| 3:05 | Ancient of Wonders |
| 3:14 | Grunt |
| 3:17 | Orc Burrow |
| 3:27 | Voodoo Lounge |
| 3:32 | Evasion |
| 3:34 | Archer |
| 4:29 | Huntress |
| 4:31 | Strength of the Moon |
| 4:35 | Tree of Ages |
| 4:51 | Huntress |
| 4:58 | Moon Armor |
| 5:14 | Mana Burn |
| 5:20 | Huntress |
| 5:23 | Strength of the Wild |
| 5:26 | Moon Well |
| 5:46 | Stronghold |
| 5:50 | Steel Armor |
| 5:52 | Steel Melee Weapons |
| 5:53 | Spiked Barricades |
| 6:00 | Watch Tower |
| 6:06 | Orc Burrow |
| 6:20 | Huntress |
| 6:28 | Moon Well |
| 6:58 | Evasion |
| 7:44 | Improved Bows |
| 7:45 | Moon Glaive |
| 7:47 | Wisp |
| 7:48 | Wisp |
| 7:49 | Nature's Blessing |
| 7:55 | Tree of Life |
| 8:05 | Watch Tower |
| 8:10 | Spirit Lodge |
| 8:16 | Beastiary |
| 8:20 | Thorium Armor |
| 8:24 | Berserker Strength |
| 8:26 | Grunt |
| 8:27 | Grunt |
| 9:00 | Ancient of Lore |
| 9:05 | Ancient of Wind |
| 9:22 | Archer |
| 9:23 | Huntress |
| 9:23 | Huntress |
| 9:29 | Mana Burn |
| 9:34 | Shaman Adept Training |
| 9:35 | Shaman |
| 9:35 | Shaman |
| 10:02 | Reinforced Hides |
| 10:05 | Tree of Eternity |
| 10:13 | Faerie Dragon |
| 10:14 | Dryad |
| 10:15 | Abolish Magic |
| 10:18 | Moon Well |
| 11:44 | Dryad |
| 11:46 | Faerie Dragon |
| 12:07 | Dryad |
| 12:10 | Improved Strength of the Moon |
| 12:11 | Improved Strength of the Wild |
| 12:55 | Thorium Melee Weapons |
| 12:58 | Shaman Master Training |
| 12:58 | Shaman |
| 12:59 | Shaman |
| 13:01 | Envenomed Spears |
| 13:02 | Wind Rider |
| 13:06 | Orc Burrow |
| 13:18 | Orb of Venom |
| 13:25 | Faerie Dragon |
| 13:26 | Faerie Dragon |
| 13:29 | Wisp |
| 13:29 | Wisp |
| 13:29 | Wisp |
| 13:30 | Wisp |
| 13:30 | Wisp |
| 13:30 | Wisp |
| 13:30 | Wisp |
| 14:16 | Scroll of Town Portal |
| Select | 141 |
| Right click | 125 |
| Select group | 102 |
| Build/train/purchase | 87 |
| Misc. action | 30 |
| Assign group | 21 |
| Use ability | 7 |
| Item give/drop | 5 |
| Remove unit | 1 |

| Potion of Mana | 1 | 200 |
| Scroll of Town Portal | 1 | 350 |
| total: | 2 | 550g |
| Peasant | 20 | 1500 | / | 0 |
| Footman | 9 | 1215 | / | 0 |
| Mortar Team | 4 | 720 | / | 280 |
| Dragonhawk Rider | 2 | 400 | / | 60 |
| total: | 35 | 3835g | / | 340w |
| Scout Tower | 3 | 90 | / | 60 |
| Arcane Tower | 1 | 70 | / | 50 |
| Guard Tower | 2 | 140 | / | 100 |
| Altar of Kings | 1 | 180 | / | 50 |
| Farm | 5 | 400 | / | 100 |
| Barracks | 1 | 160 | / | 60 |
| Lumber Mill | 1 | 120 | / | 0 |
| Arcane Vault | 1 | 130 | / | 30 |
| Blacksmith | 2 | 280 | / | 120 |
| Town Hall | 1 | 385 | / | 205 |
| Workshop | 2 | 280 | / | 280 |
| Gryphon Aviary | 1 | 140 | / | 150 |
| Keep | 1 | 320 | / | 210 |
| Castle | 2 | 720 | / | 420 |
| Watch Tower | 1 | 110 | / | 80 |
| Fortress | 1 | 325 | / | 190 |
| total: | 19 | 2275g | / | 1135w |
| 0:04 | Peasant |
| 0:04 | Peasant |
| 0:07 | Altar of Kings |
| 0:10 | Farm |
| 0:16 | Barracks |
| 0:32 | Scout Tower |
| 0:36 | Peasant |
| 0:52 | Peasant |
| 1:13 | Peasant |
| 1:21 | Footman |
| 1:31 | Arcane Tower |
| 1:35 | Peasant |
| 2:08 | Holy Light |
| 2:33 | Farm |
| 2:41 | Lumber Mill |
| 2:43 | Peasant |
| 3:15 | Scout Tower |
| 3:29 | Footman |
| 3:30 | Footman |
| 3:47 | Peasant |
| 3:52 | Guard Tower |
| 4:31 | Farm |
| 4:34 | Peasant |
| 5:17 | Scout Tower |
| 5:23 | Footman |
| 5:24 | Footman |
| 5:39 | Divine Shield |
| 5:54 | Farm |
| 5:57 | Guard Tower |
| 6:27 | Footman |
| 6:29 | Keep |
| 6:39 | Farm |
| 6:41 | Footman |
| 6:41 | Defend |
| 7:52 | Holy Light |
| 8:02 | Arcane Vault |
| 8:06 | Footman |
| 8:07 | Footman |
| 8:20 | Fortress |
| 8:26 | Watch Tower |
| 8:42 | Blacksmith |
| 8:50 | Potion of Mana |
| 9:05 | Castle |
| 10:07 | Peasant |
| 10:08 | Peasant |
| 10:08 | Peasant |
| 10:32 | Peasant |
| 10:56 | Blacksmith |
| 11:22 | Town Hall |
| 11:27 | Peasant |
| 11:27 | Peasant |
| 11:30 | Peasant |
| 12:20 | Peasant |
| 12:50 | Workshop |
| 13:05 | Castle |
| 13:10 | Workshop |
| 13:41 | Gryphon Aviary |
| 13:59 | Mortar Team |
| 13:59 | Mortar Team |
| 14:18 | Mortar Team |
| 14:19 | Mortar Team |
| 14:25 | Peasant |
| 14:26 | Peasant |
| 14:26 | Peasant |
| 14:34 | Dragonhawk Rider |
| 14:35 | Dragonhawk Rider |
| 15:02 | Scroll of Town Portal |
| 16:05 | Cloud |
| 17:32 | Divine Shield |
| Right click | 940 |
| Select | 251 |
| Select group | 112 |
| Assign group | 82 |
| Build/train/purchase | 60 |
| Use ability | 20 |
| Minimap ping | 12 |
| Remove unit | 4 |
| Item give/drop | 2 |
⇛